Map: Protocollo centrale

Players

Jhyrachy - Winner!

  • Race: Zerg Zerg
  • League: Silver

Jockling

  • Race: Zerg Zerg
  • League: Silver

VOD

Have the link to the VOD?

Description

Time

  • Played on: Dec. 11, 2015, 9 a.m.
  • Length: 4:37
Show
View Real Time Build Order
Export as new Build Order

Jhyrachy Zerg - Winner!

Build Orders: Hatch First 

Get SALT Encoding   

  12  0:02  Drone  
  13  0:09  Drone  
  14  0:16  Overlord  
  14  0:28  Extractor  
  13  0:29  Extractor  
  13  0:30  Drone x2  
  16  0:37  Drone  
  17  1:00  Hatchery  
  17  1:01  Extractor  
  17  1:03  Drone  
  16  1:05  Drone  
  17  1:18  Spawning Pool  
  16  1:28  Drone  
  16  1:29  Drone  
  16  1:31  Overlord  
  18  1:40  Drone  
  19  2:08  Metabolic Boost  
  19  2:10  Queen  
  19  2:13  Queen  
  23  2:17  Overlord  
  23  2:27  Drone  
  24  2:31  Zergling x6  
  27  2:42  Zergling x4  
  29  2:56  Overlord x2  
  29  3:15  Baneling Nest  
  29  3:17  Zergling x10  
  33  3:31  Zergling x6  
  33  3:32  Zergling x2  
  37  3:46  Zergling x8  
  34  4:07  Zergling x2  
  34  4:08  Zergling x10  
Show
View Real Time Build Order
Export as new Build Order

Jockling Zerg 

Build Orders: Pool First 

Get SALT Encoding   

  12  0:03  Drone  
  13  0:13  Overlord  
  13  0:17  Drone  
  14  0:32  Drone x2  
  16  0:35  Drone  
  17  0:46  Spawning Pool  
  16  0:51  Drone  
  17  1:15  Hatchery  
  17  1:16  Overlord  
  16  1:21  Drone  
  17  1:25  Extractor  
  16  1:32  Queen  
  16  1:36  Drone  
  19  1:42  Drone  
  19  1:43  Drone  
  21  1:58  Zergling x2  
  22  2:03  Zergling x2  
  23  2:13  Queen  
  25  2:16  Overlord  
  25  2:28  Drone  
  25  2:29  Drone  
  27  2:32  Queen  
  27  2:34  Overlord  
  29  2:48  Roach Warren  
  27  2:53  Drone  
  27  2:54  Zergling x4  
  27  2:56  Drone x2  
  32  3:06  Zergling x4  
  34  3:21  Overlord  
  34  3:24  Drone x2  
  36  3:30  Roach  
  38  3:35  Lair  
  38  3:44  Roach x3  
  38  3:45  Spine Crawler  
  42  3:55  Roach x2  
  42  3:56  Roach  
  40  4:03  Roach x2  
Tags
 
Add a new tag
Caveats
  • Supply blocks, unpowered buildings, or Contaminate may cause inaccurate times.
  • Supply counts are checked every 10 seconds.